 Dungeon Crawl Stone Soup version 0.29.1-2-gbd0b4ee654 (webtiles) character file.

Game seed: 5447626464785869441

72 jamesblauser the Chopper (level 4, -1/39 HPs)
             Began as a Draconian Berserker on Nov 6, 2022.
             Was a Believer of Trog.
             Killed by nerve-wracking pain
             ... invoked by Grinder
              (13 damage)
             ... on level 3 of the Dungeon.
             The game lasted 00:07:07 (3113 turns).

jamesblauser the Chopper (Draconian Berserker)      Turns: 3113, Time: 00:07:07

Health: -1/39      AC:  7    Str: 19    XL:     4   Next: 7%
Magic:  4/4        EV: 13    Int:  7    God:    Trog [**....]
Gold:   132        SH:  0    Dex: 13    Spells: 3/3 levels left

rFire   . . .      SeeInvis .   a - +0 hand axe
rCold   . . .      Faith    +   (no shield)
rNeg    . . .      Spirit   .   (body armour unavailable)
rPois   .          Reflect  .   (helmet restricted)
rElec   .          Harm     .   (no cloak)
rCorr   .          Rampage  .   b - +1 pair of gloves
Will    .....                   (no boots)
Stlth   +.........              c - amulet of faith
HPRegen 0.13/turn               (no ring)
MPRegen 0.09/turn               (no ring)

@: no status effects
A: AC +5, unfitting armour, cold-blooded
a: Renounce Religion, Berserk, Trog's Hand


You were on level 3 of the Dungeon.
You worshipped Trog.
Trog was pleased with you.
You visited 1 branch of the dungeon, and saw 3 of its levels.

You collected 132 gold pieces.

Inventory:

Hand Weapons
 a - a +0 hand axe (weapon)
Armour
 b - a +1 pair of gloves (worn)
Jewellery
 c - an amulet of faith (around neck)
Scrolls
 e - 2 scrolls of identify
Potions
 d - a potion of resistance
 f - a potion of ambrosia


   Skills:
 + Level 3.6 Fighting
 + Level 4.1 Axes
 + Level 3.3 Dodging
 + Level 0.6 Stealth


You had 3 spell levels left.
You didn't know any spells.
Your spell library was empty.

Dungeon Overview and Level Annotations

Branches:
Dungeon (3/15)

Altars:

Annotations:
D:3 Grinder


Innate Abilities, Weirdness & Mutations

Your plain brown scales are hard. (AC +5)
You cannot fit into any form of body armour.
You are cold-blooded and may be slowed by cold attacks.


Message History

You see here a +0 club.
f - a smoky brown potion Grinder comes into view.
Grinder shouts!
As you read the scroll of identify, it crumbles to dust.
f - a potion of ambrosia Grinder gestures at you.
You barely resist. Grinder hits you but does no damage.
You closely miss Grinder. Grinder hits you.
You closely miss Grinder.
You tail-slap Grinder, but do no damage.
Grinder gestures at you.
You barely resist. You closely miss Grinder.
Your tail-slap misses Grinder.
Grinder barely misses you.
You hit Grinder.
Grinder is lightly wounded.
Grinder gestures at you. You resist with significant effort.
You hit Grinder.
Grinder is moderately wounded.
Grinder gestures at you. Pain shoots through your body!
You hit Grinder.
Grinder is moderately wounded.
Grinder hits you but does no damage.
You hit Grinder.
Grinder is heavily wounded.
Grinder hits you.
You writhe in agony.
You hit Grinder but do no damage.
You tail-slap Grinder, but do no damage.
Grinder is heavily wounded.
Grinder hits you!
You writhe in agony.
You barely miss Grinder.
Grinder is heavily wounded.
Grinder hits you. Grinder gestures at you. Pain shoots through your body!
You die...

#........##.##########
#.######.##.##........
#......#.##.##........
######.#.##.##........
#.#.##.##........
#.#.##.##.....)..
#.#..........[...
######.####.###<######
#...5@......#######
#.####............#
############.#


You could see Grinder.

Vanquished Creatures
  2 adders (D:2)
  3 worms (D:2)
  A dart slug (D:1)
  5 ball pythons (D:1)
  A bat (D:2)
  4 endoplasms
  A giant cockroach (D:1)
  4 goblins
  4 hobgoblins
  3 jackals (D:1)
  6 kobolds
  3 frilled lizards
  4 rats
41 creatures vanquished.

Notes
Turn   | Place    | Note
-------+----------+-------------------------------------------
     0 | D:1      | jamesblauser the Draconian Berserker began the quest for
                  | the Orb.
     0 | D:1      | Reached XP level 1. HP: 19/19 MP: 1/1
   604 | D:1      | Reached XP level 2. HP: 23/26 MP: 2/2
   937 | D:1      | Found a faded altar of an unknown god.
  1335 | D:1      | Reached XP level 3. HP: 29/31 MP: 3/3
  2166 | D:2      | Reached skill level 4 in Axes
  2168 | D:2      | Reached ** piety under Trog
  2330 | D:2      | Reached XP level 4. HP: 26/39 MP: 4/4
  3101 | D:3      | Noticed Grinder
  3113 | D:3      | Killed from afar by Grinder

Illustrated notes

Levels and vault maps discovered:
D:1:      minmay_arrival_four_houses, layout_rooms,
          hellmonk_ecumenical_altar_pennies_from_heaven
D:2:      layout_basic
D:3:      layout_basic, grunt_temple_overflow_open, uniq_grinder

Skill      XL: |  1  2  3 |
---------------+----------+-----
Dodging        | 3 |  3.3
Axes           | 4 |  4.1
Fighting       | |  3.6
Stealth        | |  0.6

Action                   |  1- 3 |  4- 6 || total
-------------------------+-------+-------++-------
Melee: Hand axe          |   111 |    14 ||   125
       Tailslap          |    10 |     3 ||    13
       Punch             |     1 |       ||     1
Invok: Berserk           |     2 |       ||     2
  Use: Potion            |     5 |       ||     5
       Scroll            |     5 |     1 ||     6
 Stab: Sleeping          |     1 |       ||     1
Armor: Skin              |    52 |     2 ||    54
Dodge: Dodged            |   106 |     2 ||   108
